 Dungeon Crawl Stone Soup version 0.15-a0-1154-gddcb950 (webtiles) character file.

118 Arvee the Poker (level 4, 0/39 HPs)
             Began as a Minotaur Fighter on May 30, 2014.
             Was an Initiate of Qazlal.
             Slain by an adder (1 damage)
             ... on Level 2 of the Dungeon.
             The game lasted 00:03:58 (990 turns).

Arvee the Poker (Minotaur Fighter)                   Turns: 990, Time: 00:03:58

HP   0/39        AC  6     Str 21      XL: 4   Next: 72%
MP   2/2         EV  6     Int  5      God: Qazlal [......]
Gold 61          SH 19     Dex 10      Spells:  0 memorised,  3 levels left

rFire  . . .     SeeInvis .     a - +0 trident
rCold  . . .     Clarity  .     b - +0 scale mail
rNeg   . . .     rCorr    .     c - +0 shield
rPois  .         rRot     .     (helmet restricted)
rElec  .         Spirit   .     (no cloak)
SustAb .         Warding  .     (no gloves)
rMut   .         Stasis   .     (no boots)
Gourm  .                        j - amulet of rage
MR     .....                    (no ring)
                                (no ring)

@: lethally poisoned, not resistant to hostile enchantments, extremely
unstealthy
A: retaliatory headbutt, horns 2
a: Renounce Religion, Evoke Berserk Rage


You were on level 2 of the Dungeon.
You worshipped Qazlal.
Qazlal was noncommittal.
You were not hungry.

You visited 1 branch of the dungeon, and saw 2 of its levels.

You collected 61 gold pieces.

Inventory:

Hand weapons
 a - a +0,+0 trident (weapon)
Armour
 b - a +0 scale mail (worn)
 c - a +0 shield (worn)
Comestibles
 d - 3 bread rations
 q - a slice of pizza
Scrolls
 f - a scroll of magic mapping {unknown}
 h - 4 scrolls of fog {unknown}
 k - a scroll of enchant weapon II {unknown}
 l - 5 scrolls of remove curse {unknown}
 m - a scroll of noise {unknown}
 n - 2 scrolls of amnesia {unknown}
 o - a scroll of immolation {unknown}
 r - a scroll of blinking {unknown}
Jewellery
 j - an amulet of rage (around neck)
 p - an uncursed ring of protection from fire {unknown}
Potions
 e - 2 potions of might
 g - a potion of flight {unknown}
 i - 2 potions of curing {unknown}


   Skills:
 - Level 3.6 Fighting
 + Level 4.4 Polearms
 - Level 3.6 Armour
 - Level 3.2 Dodging
 - Level 0.3 Stealth
 - Level 3.6 Shields


You had 3 spell levels left.
You didn't know any spells.

Dungeon Overview and Level Annotations

Branches:
Dungeon (2/15)

Altars:
Qazlal


Innate Abilities, Weirdness & Mutations

You reflexively headbutt those who attack you in melee.
You have a pair of horns on your head.


Message History

You hit the adder.
The adder is severely wounded.
You block the adder's attack. x2
Your shield and scale mail prevent you from hitting the adder.
Your headbutt misses the adder.
The adder is severely wounded.
You block the adder's attack.
Your shield and scale mail prevent you from hitting the adder.
The adder is severely wounded.
You feel sick. You block the adder's attack. The adder bites you.
* * * LOW HITPOINT WARNING * * *
You hit the adder.
You headbutt the adder, but do no damage.
The adder is severely wounded.
The adder bites you.
* * * LOW HITPOINT WARNING * * *
You closely miss the adder. Your headbutt misses the adder.
The adder is severely wounded.
The adder bites you.
You die...

............#
####.######
.###'######## #.##
.# #.# #..# ####.#
#######'#######
#§§### ##
#.............#
#§§§##
...##.<.......%...#
#§§§§#
..................#
#§§§§#
#..............#
#§§§§§#
##.S@..........#
§§§§§§#
#.............#
§§§§§§#
#.............#
§§§§§##
#.............#
§§§§§#
####...#######
§§§§# ###.# §§§#
... § .... ....


You could see an adder.

Vanquished Creatures
  Sigmund (D:2)
  An adder (D:2)
  A giant gecko (D:2)
  8 bats
  A goblin (D:2)
  A hobgoblin (D:1)
  2 jackals (D:1)
  5 kobolds
  A quokka (D:2)
  3 ball pythons
  4 giant cockroaches (D:1)
  2 giant newts
  4 rats
34 creatures vanquished.

Notes
Turn   | Place    | Note
--------------------------------------------------------------
     0 | D:1      | Arvee, the Minotaur Fighter, began the quest for the Orb.
     0 | D:1      | Reached XP level 1. HP: 19/19 MP: 1/1
    48 | D:1      | Reached skill level 1 in Dodging
   102 | D:1      | Reached XP level 2. HP: 21/26 MP: 1/1
   579 | D:2      | Reached XP level 3. HP: 21/31 MP: 2/2
   849 | D:2      | Found a stormy altar of Qazlal.
   875 | D:2      | Became a worshipper of Qazlal Stormbringer
   906 | D:2      | Noticed Sigmund
   962 | D:2      | Killed Sigmund
   962 | D:2      | Reached skill level 4 in Polearms
   962 | D:2      | Reached XP level 4. HP: 15/39 MP: 2/2
   989 | D:2      | HP: 1/39 [adder (2)]
   990 | D:2      | Slain by an adder

Action                   |  1- 3 |  4- 6 || total
-------------------------+-------+-------++-------
Melee: Trident           |    91 |    12 ||   103
